 Dungeon Crawl Stone Soup version 0.28-a0-794-gafe8c5f9e9 (webtiles) character file.

Game seed: 17334414331565399220

36 kae the Caller (level 3, -2/20 HPs)
             Began as a Tengu Summoner on Nov 5, 2021.
             Slain by a worm (6 damage)
             ... on level 2 of the Dungeon.
             The game lasted 00:00:44 (1349 turns).

kae the Caller (Tengu Summoner)                     Turns: 1349, Time: 00:00:45

Health: -2/20      AC:  2    Str:  8    XL:     3   Next: 37%
Magic:  3/7        EV: 12    Int: 16    God:
Gold:   36         SH:  0    Dex: 14    Spells: 0/6 levels left

rFire   . . .      SeeInvis .   c - +0 dagger
rCold   . . .      Faith    .   (no shield)
rNeg    . . .      Spirit   .   a - +0 robe
rPois   .          Reflect  .   (helmet restricted)
rElec   .          Harm     .   (no cloak)
rCorr   .          Rampage  .   (no gloves)
Will    .....                   (boots unavailable)
Stlth   ++........              (no amulet)
HPRegen 0.06/turn               (no ring)
MPRegen 0.10/turn               (no ring)

@: studying Necromancy
A: beak, talons 3
a: no special abilities


You were on level 2 of the Dungeon.
You visited 1 branch of the dungeon, and saw 2 of its levels.

You collected 36 gold pieces.

Inventory:

Hand Weapons
 c - a +0 dagger (weapon)
Armour
 a - a +0 robe (worn)
Scrolls
 b - a scroll of immolation {unknown}
 d - a scroll of enchant weapon {unknown}


   Skills:
 + Level 1.0 Fighting
 + Level 2.6 Dodging
 - Level 2.0 Stealth
 + Level 2.3 Spellcasting
 * Level 5.4 Summonings


You couldn't memorise any spells.
You knew the following spells:

 Your Spells              Type           Power      Damage    Failure   Level
a - Summon Small Mammal   Summ           76%        N/A       2%          1
b - Call Imp              Summ           19%        N/A       3%          2
c - Call Canine Familiar  Summ           19%        N/A       7%          3

Your spell library contained the following spells:

 Spells                   Type           Power      Damage    Failure   Level
 Summon Guardian Golem    Hex/Summ       10%        N/A       21%         3
 Summon Lightning Spire   Summ/Air       10%        N/A       54%         4


Dungeon Overview and Level Annotations

Branches:
Dungeon (2/15)

Altars:


Innate Abilities, Weirdness & Mutations

You have a beak for a mouth.
You have claws for feet.


Message History

Your bat dies!
Your bat's corpse disappears in a puff of smoke!
Your bat hits the jackal but does no damage.
The jackal closely misses your bat.
Your bat hits the jackal.
The jackal bites your bat but does no damage.
Your bat hits the jackal but does no damage.
The jackal bites your bat.
Your bat dies!
Your bat's corpse disappears in a puff of smoke!
Your hound bites the jackal.
The jackal dies!
The ball python barely misses your hound.
The ball python completely misses your hound.
The ball python bites your hound.
The ball python barely misses your hound.
Your hound barely misses the ball python.
The ball python barely misses your hound. x2
Your hound barely misses the ball python.
Your hound bites the ball python.
The ball python bites your hound but does no damage.
The ball python grabs your hound. The ball python constricts your hound.
Your hound bites the ball python.
The ball python dies!
Your hound misses the jackal.
Your hound closely misses the jackal.
The jackal closely misses your hound.
Your crimson imp disappears in a puff of smoke!
Your hound bites the jackal.
The jackal misses your hound.
Your hound bites the jackal.
The jackal closely misses your hound.
Your hound bites the jackal.
The jackal dies!
Your hound bites the worm.
The worm barely misses your hound.
Your hound bites the worm.
Your hound disappears in a puff of smoke!
You barely miss the worm. You claw the worm. You peck the worm.
The worm is heavily wounded.
The worm bites you!
* * * LOW HITPOINT WARNING * * *
The worm bites you.
You die...

...# .w# #h# #S# #h#
##### #b# #..<# #.#
#†### #.####.#
#.w@.#.# ####.#.#
####.#.#######
#....#.......#
#.##########.#######
#.#.................
#.#.########.######.
#...# #........
##### #########


You could see a worm.

Vanquished Creatures
  3 bats
  3 endoplasms
  A goblin (D:1)
  2 hobgoblins
  A jackal (D:2)
  2 kobolds (D:1)
  A quokka (D:1)
  3 frilled lizards (D:1)
  2 rats (D:1)
18 creatures vanquished.

Vanquished Creatures (collateral kills)
  2 goblins (D:1)
  2 hobgoblins (D:1)
  2 jackals (D:2)
  A quokka (D:1)
  4 ball pythons
  A frilled lizard (D:1)
12 creatures vanquished.

Vanquished Creatures (others)
  A plant (D:1)
1 creature vanquished.

Grand Total: 31 creatures vanquished

Notes
Turn   | Place    | Note
-------+----------+-------------------------------------------
     0 | D:1      | kae the Tengu Summoner began the quest for the Orb.
     0 | D:1      | Reached XP level 1. HP: 10/10 MP: 4/4
   173 | D:1      | Reached skill level 5 in Summonings
   257 | D:1      | Reached XP level 2. HP: 16/16 MP: 4/6
   825 | D:1      | Found a faded altar of an unknown god.
   949 | D:1      | Reached XP level 3. HP: 16/20 MP: 5/7
   952 | D:1      | Learned a level 2 spell: Call Imp
   956 | D:1      | Learned a level 3 spell: Call Canine Familiar
  1247 | D:2      | Reached skill level 1 in Fighting
  1349 | D:2      | Slain by a worm

Illustrated notes

Levels and vault maps discovered:
D:1:      tarquinn_simple_flora_water_f, layout_rooms,
          shapermc_ecumenical_altar_mp_urbaneastern, feat_on_display
D:2:      layout_basic, basic_altar, minmay_misc_feat_columns

Skill      XL: |  1  2  3 |
---------------+----------+-----
Summonings     | 5 |  5.4
Fighting       | 1 |  1.0
Dodging        | |  2.6
Stealth        | |  2.0
Spellcasting   | |  2.3

Action                   || total
-------------------------++-------
Melee: Unarmed           ||    12
       Kick              ||    15
       Peck              ||     9
       Dagger            ||    51
 Cast: Summon Small Mamm ||    23
       Call Imp          ||     1
       Call Canine Famil ||     1
 Stab: Sleeping          ||     2
Armor: Robe              ||    11
Dodge: Dodged            ||    55

Table legend: (Time is in decaauts)
 A = Elapsed time spent in this place.
 B = Non-inter-level travel time spent in this place.
 C = Inter-level travel time spent in this place.
 D = Time resting spent in this place.
 E = Time spent auto-exploring this place.
 F = Levels seen in this place.
 G = Mean time per level.
                   A        B        C        D        E       F      G
               +--------+--------+--------+--------+--------+-----+--------+
         Total |   1348 |   1301 |     47 |      0 |   1064 |   2 |  674.0 |
       Dungeon |   1348 |   1301 |     47 |      0 |   1064 |   2 |  674.0 |
               +--------+--------+--------+--------+--------+-----+--------+

Top non-repeatable levels by time:
     D:1: 1225 daAuts
     D:2: 122 daAuts
